AoeStats
← 大明湖畔

Arena

510665466Analyzed
3v3 RM · 1d ago on Oct 2, 2026· 36m 6s· 6 players
Game mode
Random Map
Map size
Normal (6 player)
Population
200
Speed
Normal
Resources
Standard
Victory
Conquest
Starting age
Dark Age
Ending age
Imperial Age
RankedLock teamsTeams togetherTeam positionsShared explorationLock speedFull tech treeHidden civsTurbo modeCheats
Victory
Defeat
🇦🇺 Huns · Australia
1121
+12
🇨🇳 Franks · China
1100
+13
🇧🇷 Turks · Brazil
1048
+15
🇧🇷 Danes · Brazil
1047
-14
🇧🇷 Saxons · Brazil
1030
-13
🇧🇷 Bohemians · Brazil
1019
-13
2026
0:27 Loom
10:35 Feudal Age
15:48 Castle Age
30:52 Imperial Age
30:52 Murder Holes
30:52 Fletching
31:37 Bodkin Arrow
31:44 Town Watch
32:52 Cavalier
33:48 Pikeman
Mkc
11:32 Feudal Age
15:46 Castle Age
20:02 Imperial Age
18:06 Double-Bit Axe
18:42 Gold Mining
20:15 Wheelbarrow
20:00 Bow Saw
大明湖畔
10:05 Feudal Age
13:50 Castle Age
12:00 Double-Bit Axe
12:32 Horse Collar
14:26 Wheelbarrow
14:50 Bow Saw
18:49 Heavy Plow
22:03 Scale Barding Armor
22:10 Forging
21:58 Gold Mining
23:08 Husbandry
23:21 Bloodlines
25:36 Hand Cart
25:08 Loom
26:41 Chain Barding Armor
27:44 Iron Casting
28:09 Gold Shaft Mining
32:31 Imperial Age
30:32 Pikeman
31:43 Squires
33:48 Cavalier
35:29 Blast Furnace
35:04 Plate Barding Armor
35:56 Capped Ram
Italien
10:31 Feudal Age
15:56 Castle Age
25:25 Double-Bit Axe
30:37 Gold Mining
35:08 Imperial Age
32:29 Loom
34:04 Masonry
LordLuke13
11:47 Feudal Age
14:18 Stone Mining
14:10 Horse Collar
16:45 Castle Age
14:57 Man-at-Arms
15:31 Double-Bit Axe
16:58 Scale Mail Armor
17:35 Gambesons
17:58 Loom
18:00 Town Watch
18:51 Fletching
21:12 Forging
22:14 Gold Mining
23:42 Wheelbarrow
25:31 Iron Casting
26:45 Bow Saw
27:15 Gold Shaft Mining
27:16 Bloodlines
28:55 Heavy Plow
29:21 Fortified Wall
28:53 Pikeman
30:06 Squires
Galkar
12:20 Feudal Age
15:50 Castle Age
13:47 Double-Bit Axe
13:44 Horse Collar
15:41 Loom
20:09 Chemistry
19:46 Padded Archer Armor
20:25 Town Watch
20:46 Scale Mail Armor
20:56 Forging
21:02 Leather Archer Armor
21:29 Pikeman
22:49 Loom
24:46 Ballistics
24:40 Elite Skirmisher
25:18 Fletching
27:06 Bodkin Arrow
27:52 Iron Casting
27:32 Chain Mail Armor
28:30 Chain Mail Armor
28:57 Squires
Connection lost

Rejoining the realm…

Still unreachable

The connection could not be restored.

Session expired

The server has moved on; the page needs a fresh start.